[Event "OGD Prinsenstad-toernooi - A groep"]
[Site "Delft"]
[Date "2013.03.30"]
[Round "3.3"]
[White "L'Ami-Motoc, Alina"]
[Black "Reinderman, Dimitri"]
[Result "0-1"]
[ECO "C10"]
[WhiteElo "2381"]
[BlackElo "2573"]
[PlyCount "110"]
[EventDate "2013.03.29"]
[EventType "swiss"]
[EventRounds "6"]
[EventCountry "NED"]
[Source "DSC"]
[SourceDate "2013.02.04"]
[TimeControl "6000+10"]

1. d4 e6 2. e4 d5 3. Nc3 Nc6 4. Nf3 Nf6 5. Bg5 Be7 6. e5 Ne4 7. Bxe7 Qxe7 8. a3 Bd7 9. Qd3 Ng5 10. Nd2 f6 11. f4 Nf7 12. O-O-O fxe5 13. fxe5 O-O-O 14. h4 Nh6 15. Nb3 Rdf8 16. Be2 Nf5 17. Qh3 h5 18. Kb1 Be8 19. Bb5 Rhg8 20. Ne2 g5 21. hxg5 Rxg5 22. Nc5 b6 23. Nb3 h4 24. Qc3 Kb7 25. Rhg1 a6 26. Bd3 Ng3 27. Nec1 Rf4 28. Na2 Qf8 29. Rge1 Rf2 30. Rd2 Ne4 31. Rxe4 dxe4 32. Bxe4 Rf1+ 33. Nbc1 Qf4 34. Re2 Rg3 35. Qc4 Bd7 36. d5 exd5 37. Qxd5 Be8 38. Qe6 Qf7 39. Qxf7 Rxf7 40. Nb4 a5 41. Nd5 Nxe5 42. Nd3 Nxd3 43. cxd3 Bc6 44. Rc2 Rf1+ 45. Ka2 Bxd5+ 46. Bxd5+ Kc8 47. Be4 Rf6 48. Rc1 Kd7 49. Kb3 Rf4 50. Kc4 Rxg2 51. Kd5 Rg5+ 52. Kd4 h3 53. Rh1 Rh4 54. Ke3 h2 55. Bf3 Rg1 0-1

[Event "OGD Prinsenstad-toernooi - A groep"]
[Site "Delft"]
[Date "2013.03.30"]
[Round "3.4"]
[White "Haslinger, Stewart"]
[Black "Slingerland, Fred"]
[Result "1-0"]
[ECO "B67"]
[WhiteElo "2547"]
[BlackElo "2336"]
[PlyCount "89"]
[EventDate "2013.03.29"]
[EventType "swiss"]
[EventRounds "6"]
[EventCountry "NED"]
[Source "DSC"]
[SourceDate "2013.02.04"]
[TimeControl "6000+10"]

1. e4 c5 2. Nf3 d6 3. d4 Nf6 4. Nc3 cxd4 5. Nxd4 Nc6 6. Bg5 e6 7. Qd2 a6 8.
O-O-O Bd7 9. f3 b5 10. Kb1 Be7 11. Be3 Ne5 12. f4 b4 13. fxe5 bxc3 14. Qxc3
Nxe4 15. Qe1 d5 16. Bd3 Nc5 17. Qg3 g6 18. Rhf1 Nxd3 19. Rxd3 h5 20. Qf2 Rh7
21. Bd2 Kf8 22. Rf3 Qe8 23. Qg3 Kg8 24. Bg5 Bb5 25. Rd1 Rc8 26. Bxe7 Qxe7 27.
Rf6 Bd7 28. Rdf1 Rb8 29. b3 a5 30. Nf3 Rg7 31. Ng5 Be8 32. a4 Qa3 33. Qf3 Rb7
34. Nxe6 Bxa4 35. Nd4 Qc5 36. Qf4 Be8 37. e6 a4 38. Qe3 Kh7 39. Re1 axb3 40.
cxb3 Rb4 41. Nf3 d4 42. Ng5+ Kh8 43. exf7 Bxf7 44. Nxf7+ Rxf7 45. Qe8+ 1-0

[Event "OGD Prinsenstad-toernooi - A groep"]
[Site "Delft"]
[Date "2013.03.30"]
[Round "3.5"]
[White "De Wit, Michel"]
[Black "Kohlweyer, Bernd"]
[Result "1/2-1/2"]
[ECO "B22"]
[WhiteElo "2260"]
[BlackElo "2460"]
[PlyCount "76"]
[EventDate "2013.03.29"]
[EventType "swiss"]
[EventRounds "6"]
[EventCountry "NED"]
[Source "DSC"]
[SourceDate "2013.02.04"]
[TimeControl "6000+10"]

1. e4 c5 2. c3 Nf6 3. e5 Nd5 4. Nf3 e6 5. d4 cxd4 6. cxd4 d6 7. Nc3 Nxc3 8. bxc3 Qc7 9. Bb2 Nd7 10. exd6 Bxd6 11. Bd3 b6 12. O-O Bb7 13. h3 O-O 14. Re1 Rfe8 15. c4 Rad8 16. Qe2 Bb4 17. Red1 Bxf3 18. Qxf3 e5 19. dxe5 Nxe5 20. Bxh7+ Kxh7 21. Qh5+ Kg8 22. Rxd8 Qxd8 23. Bxe5 Qd2 24. f4 Bc3 25. Rd1 Qe3+ 26. Kh1 Bxe5 27. fxe5 g6 28. Qh4 Qxe5 29. Rd8 Rxd8 30. Qxd8+ Kg7 31. Qd2 g5 32. Qc2 Qd4 33. Qf5 f6 34. Qe6 a5 35. a4 Kg6 36. g4 Qd1+ 37. Kg2 Qxa4 38. Qg8+ Kh6 1/2-1/2

[Event "OGD Prinsenstad-toernooi - A groep"]
[Site "Delft"]
[Date "2013.03.30"]
[Round "3.6"]
[White "Andersson, Ulf"]
[Black "Freeke, Matthieu"]
[Result "1-0"]
[ECO "A05"]
[WhiteElo "2562"]
[BlackElo "2320"]
[PlyCount "109"]
[EventDate "2013.03.29"]
[EventType "swiss"]
[EventRounds "6"]
[EventCountry "NED"]
[Source "DSC"]
[SourceDate "2013.02.04"]
[TimeControl "6000+10"]

1. Nf3 Nf6 2. c4 e6 3. g3 d5 4. d4 Bb4+ 5. Bd2 a5 6. Qc2 O-O 7. Bg2 c5 8. cxd5 cxd4 9. Nxd4 Qb6 10. e3 exd5 11. O-O Nc6 12. Nxc6 bxc6 13. Rc1 Bd7 14. Nc3 Rab8 15. Na4 Qa7 16. Bxb4 axb4 17. Nc5 Rfc8 18. a3 b3 19. Nxb3 Qb6 20. Nc5 Qxb2 21. Qxb2 Rxb2 22. Nxd7 Nxd7 23. Bxd5 Rb6 24. a4 Kf8 25. a5 Ra6 26. Bc4 Ra7 27. Ra2 Ke7 28. f4 Rca8 29. a6 Rb8 30. Kf2 Rb6 31. e4 f6 32. Ke3 Nf8 33. Ra5 Nd7 34. Rc2 h6 35. Kd4 Rb1 36. Bd3 Rb6 37. Kc3 Kd6 38. Re2 Ke7 39. Rb2 Rxb2 40. Kxb2 Kd6 41. Kc3 Kc7 42. Kd4 Kb6 43. Ra2 Nf8 44. Rb2+ Kc7 45. Bc4 Nd7 46. e5 fxe5+ 47. fxe5 c5+ 48. Kd5 Nb6+ 49. Rxb6 Kxb6 50. e6 Rc7 51. h4 g5 52. hxg5 hxg5 53. g4 Rh7 54. Kd6 Rh1 55. e7 1-0

[Event "OGD Prinsenstad-toernooi - A groep"]
[Site "Delft"]
[Date "2013.03.30"]
[Round "3.7"]
[White "Hoeksema, Erik"]
[Black "Van den Doel, Erik"]
[Result "1/2-1/2"]
[ECO "A28"]
[WhiteElo "2347"]
[BlackElo "2552"]
[PlyCount "57"]
[EventDate "2013.03.29"]
[EventType "swiss"]
[EventRounds "6"]
[EventCountry "NED"]
[Source "DSC"]
[SourceDate "2013.02.04"]
[TimeControl "6000+10"]

1. c4 Nf6 2. Nc3 e5 3. Nf3 Nc6 4. e3 Be7 5. d4 exd4 6. Nxd4 Bb4 7. Be2 Bxc3+ 8. bxc3 O-O 9. O-O Re8 10. Qc2 Ne5 11. e4 d6 12. Rd1 Ng6 13. f3 c6 14. Bf1 d5 15. exd5 cxd5 16. Bg5 dxc4 17. Bxc4 Ne5 18. Bb3 Bd7 19. Kh1 Qb6 20. Rab1 Qa6 21. Nf5 Bxf5 22. Qxf5 Rac8 23. Re1 Ned7 24. h4 Qc6 25. Rbd1 Kf8 26. Bf4 Kg8 27. Bg5 Kf8 28. Bf4 Kg8 29. Bg5 1/2-1/2

[Event "OGD Prinsenstad-toernooi - A groep"]
[Site "Delft"]
[Date "2013.03.30"]
[Round "3.8"]
[White "Barendse, Ted"]
[Black "Hovhanisian, Mher"]
[Result "0-1"]
[ECO "D15"]
[WhiteElo "2182"]
[BlackElo "2494"]
[PlyCount "78"]
[EventDate "2013.03.29"]
[EventType "swiss"]
[EventRounds "6"]
[EventCountry "NED"]
[Source "DSC"]
[SourceDate "2013.02.04"]
[TimeControl "6000+10"]

1. d4 d5 2. c4 c6 3. Nf3 Nf6 4. Nc3 a6 5. a4 e6 6. Bg5 Bb4 7. e3 Qa5 8. Bxf6
Bxc3+ 9. bxc3 Qxc3+ 10. Nd2 gxf6 11. cxd5 exd5 12. Be2 Bf5 13. O-O Nd7 14. Rc1
Qa3 15. Bf3 O-O 16. e4 dxe4 17. Bxe4 Bg6 18. d5 cxd5 19. Bxd5 Nc5 20. Nc4 Qb4
21. a5 Rad8 22. Qf3 Rfe8 23. Ne3 Nd3 24. Rb1 Qxa5 25. Ng4 Rd6 26. Rxb7 Ne5 27.
Nxe5 Rxe5 28. Bc4 Qa4 29. Bb3 Qd4 30. g3 Kg7 31. Rc1 Rd7 32. Rxd7 Qxd7 33. Bc4
Qd2 34. Rf1 a5 35. h4 h5 36. Qa3 Re1 37. Qf3 Rxf1+ 38. Bxf1 Qb4 39. Bd3 Qc3 0-1

[Event "OGD Prinsenstad-toernooi - A groep"]
[Site "Delft"]
[Date "2013.03.30"]
[Round "3.9"]
[White "Blum, Gernot"]
[Black "Peng, Zhaoqin"]
[Result "0-1"]
[ECO "A29"]
[WhiteElo "2105"]
[BlackElo "2385"]
[PlyCount "86"]
[EventDate "2013.03.29"]
[EventType "swiss"]
[EventRounds "6"]
[EventCountry "NED"]
[Source "DSC"]
[SourceDate "2013.02.04"]
[TimeControl "6000+10"]

1. c4 Nf6 2. Nc3 e5 3. Nf3 Nc6 4. g3 Bb4 5. Nd5 Bd6 6. Nc3 O-O 7. Bg2 Re8 8. O-O Bb4 9. d3 h6 10. Bd2 a5 11. a3 Bc5 12. e3 d6 13. Nd5 Be6 14. Ne1 Bxd5 15. cxd5 Ne7 16. e4 c6 17. dxc6 Nxc6 18. Nc2 a4 19. Ne3 Nd4 20. Bc3 Qb6 21. Bxd4 Bxd4 22. Nc4 Qa6 23. Qe2 Rad8 24. Rac1 d5 25. exd5 Nxd5 26. Rc2 Nf6 27. Rfc1 Re7 28. Nd2 Qb6 29. Ne4 Nd5 30. Nc5 Qa7 31. Nxa4 Qxa4 32. Bxd5 Rxd5 33. Rc8+ Re8 34. R1c4 Qd7 35. Qe4 Rxc8 36. Rxc8+ Qxc8 37. Qxd5 Qc2 38. Qf3 Qxb2 39. a4 g6 40. h4 Kg7 41. Kg2 b6 42. g4 Qd2 43. Kf1 Qf4 0-1

[Event "OGD Prinsenstad-toernooi - A groep"]
[Site "Delft"]
[Date "2013.03.31"]
[Round "4.1"]
[White "Smeets, Jan"]
[Black "Haslinger, Stewart"]
[Result "1-0"]
[ECO "C67"]
[WhiteElo "2627"]
[BlackElo "2547"]
[PlyCount "119"]
[EventDate "2013.03.29"]
[EventType "swiss"]
[EventRounds "6"]
[EventCountry "NED"]
[Source "DSC"]
[SourceDate "2013.02.04"]
[TimeControl "6000+10"]

1. e4 e5 2. Nf3 Nc6 3. Bb5 Nf6 4. O-O Nxe4 5. d4 Nd6 6. Bxc6 dxc6 7. dxe5 Nf5 8. Qxd8+ Kxd8 9. Nc3 Ke8 10. h3 h5 11. Rd1 Be7 12. Ne4 Be6 13. Nfg5 Bd5 14. b3 b5 15. Nc3 Rd8 16. Bf4 b4 17. Nxd5 Rxd5 18. Nf3 Rg8 19. g4 hxg4 20. hxg4 Nh4 21. Nxh4 g5 22. Bh2 gxh4 23. f3 Bc5+ 24. Kg2 Bd4 25. Rab1 Ke7 26. Rd3 h3+ 27. Kxh3 Rh8+ 28. Kg2 Bxe5 29. Bxe5 Rxe5 30. Kg3 Re2 31. Rd4 a5 32. Rc4 Rhh2 33. Rc1 Kd6 34. Rd1+ Ke7 35. Rc1 Kd6 36. c3 Rc2 37. Rd1+ Ke7 38. Re4+ Kf8 39. cxb4 axb4 40. Rxb4 Rxa2 41. Rd7 Rag2+ 42. Kf4 Rf2 43. Rc4 Rh6 44. Kg3 Rb2 45. Rf4 Rh7 46. b4 Ke8 47. Rxc7 Rh6 48. Rcxf7 Rxb4 49. Rf8+ Ke7 50. Rxb4 Kxf8 51. Rb7 Rh1 52. g5 c5 53. Rc7 Rc1 54. Kf4 c4 55. Kf5 c3 56. Kf6 Ke8 57. f4 Kd8 58. Rc4 c2 59. f5 Kd7 60. g6 1-0

[Event "OGD Prinsenstad-toernooi - A groep"]
[Site "Delft"]
[Date "2013.03.31"]
[Round "4.2"]
[White "Reinderman, Dimitri"]
[Black "L'Ami, Erwin"]
[Result "0-1"]
[ECO "A20"]
[WhiteElo "2573"]
[BlackElo "2615"]
[PlyCount "82"]
[EventDate "2013.03.29"]
[EventType "swiss"]
[EventRounds "6"]
[EventCountry "NED"]
[Source "DSC"]
[SourceDate "2013.02.04"]
[TimeControl "6000+10"]

1. c4 e5 2. g3 Nc6 3. Bg2 f5 4. Nc3 Nf6 5. e3 g6 6. Nge2 Bg7 7. O-O O-O 8. d4 d6 9. Rb1 a5 10. a3 Kh8 11. b4 axb4 12. axb4 Ne7 13. Qb3 c6 14. Rd1 e4 15. f3 d5 16. cxd5 Nexd5 17. Nxd5 Nxd5 18. Nf4 Nxf4 19. exf4 Re8 20. fxe4 fxe4 21. Be3 Be6 22. Qc3 Bd5 23. Ra1 Qe7 24. Bh3 Bf8 25. Rdb1 b5 26. Bg4 Rxa1 27. Qxa1 Qb7 28. Qc3 Ra8 29. f5 Qa7 30. fxg6 hxg6 31. Bd1 Qa3 32. Bb3 Bxb4 33. Qc2 Bf8 34. Kh1 Qd6 35. Bf4 Qe6 36. Bxd5 Qxd5 37. Qg2 Bg7 38. Re1 Bxd4 39. g4 Ra2 40. Qh3+ Kg8 41. Be3 Be5 0-1

[Event "OGD Prinsenstad-toernooi - A groep"]
[Site "Delft"]
[Date "2013.03.31"]
[Round "4.3"]
[White "Hovhanisian, Mher"]
[Black "De Wit, Michel"]
[Result "1/2-1/2"]
[ECO "E46"]
[WhiteElo "2494"]
[BlackElo "2260"]
[PlyCount "27"]
[EventDate "2013.03.29"]
[EventType "swiss"]
[EventRounds "6"]
[EventCountry "NED"]
[Source "DSC"]
[SourceDate "2013.02.04"]
[TimeControl "6000+10"]

1. d4 Nf6 2. c4 e6 3. Nc3 Bb4 4. e3 O-O 5. Nge2 Ne4 6. Qc2 Nxc3 7. Nxc3 b6 8. a3 Bxc3+ 9. Qxc3 Bb7 10. b3 Qf6 11. Bb2 d6 12. Qc2 Nd7 13. O-O-O Qh6 14. Qd2 1/2-1/2

[Event "OGD Prinsenstad-toernooi - A groep"]
[Site "Delft"]
[Date "2013.03.31"]
[Round "4.4"]
[White "Kohlweyer, Bernd"]
[Black "Van den Doel, Erik"]
[Result "0-1"]
[ECO "E91"]
[WhiteElo "2460"]
[BlackElo "2552"]
[PlyCount "50"]
[EventDate "2013.03.29"]
[EventType "swiss"]
[EventRounds "6"]
[EventCountry "NED"]
[Source "DSC"]
[SourceDate "2013.02.04"]
[TimeControl "6000+10"]

1. Nf3 Nf6 2. c4 g6 3. Nc3 Bg7 4. e4 d6 5. d4 O-O 6. Be2 Bg4 7. Be3 Nfd7 8. Rc1
c5 9. d5 Na6 10. O-O Nc7 11. h3 Bxf3 12. Bxf3 a6 13. a4 Re8 14. Qd2 e6 15. Be2
exd5 16. exd5 Rb8 17. Rfe1 Qe7 18. Bf1 Qf8 19. Kh1 f5 20. Rb1 Bf6 21. Bh6 Qf7
22. Rxe8+ Nxe8 23. a5 b6 24. axb6 Rxb6 25. Be3 f4 0-1

[Event "OGD Prinsenstad-toernooi - A groep"]
[Site "Delft"]
[Date "2013.03.31"]
[Round "4.5"]
[White "Slingerland, Fred"]
[Black "Ducarmon, Quinten"]
[Result "1-0"]
[ECO "B47"]
[WhiteElo "2336"]
[BlackElo "2416"]
[PlyCount "95"]
[EventDate "2013.03.29"]
[EventType "swiss"]
[EventRounds "6"]
[EventCountry "NED"]
[Source "DSC"]
[SourceDate "2013.02.04"]
[TimeControl "6000+10"]

1. e4 c5 2. Nf3 e6 3. d4 cxd4 4. Nxd4 Nc6 5. Nc3 Qc7 6. Be2 a6 7. O-O Nf6 8. Be3 Bb4 9. Nxc6 bxc6 10. Qd4 c5 11. Qc4 Bb7 12. a3 d5 13. exd5 exd5 14. Qf4 Qxf4 15. Bxf4 Bxc3 16. bxc3 O-O 17. Rab1 Bc6 18. c4 Ba4 19. Rb2 Rfe8 20. Bf3 Rad8 21. cxd5 Nxd5 22. Bg5 f6 23. c4 Nc3 24. Be3 Nd1 25. Rb6 Nxe3 26. fxe3 Rxe3 27. Bd5+ Kh8 28. Rf3 Re1+ 29. Rf1 Re2 30. Rxa6 Bc2 31. Rc6 Be4 32. Bxe4 Rxe4 33. Rxc5 h6 34. Rd5 Rb8 35. Rc1 Rb2 36. Rd3 Ree2 37. Rg3 Rec2 38. Rxc2 Rxc2 39. a4 Rxc4 40. Ra3 Rc6 41. a5 Ra6 42. Kf2 f5 43. Ke3 g5 44. Kd4 f4 45. Kc5 g4 46. Kb5 Ra8 47. a6 Kg7 48. Ra4 1-0

[Event "OGD Prinsenstad-toernooi - A groep"]
[Site "Delft"]
[Date "2013.03.31"]
[Round "4.6"]
[White "Von Meijenfeldt, Bart"]
[Black "L'Ami-Motoc, Alina"]
[Result "1-0"]
[ECO "A05"]
[WhiteElo "2195"]
[BlackElo "2381"]
[PlyCount "133"]
[EventDate "2013.03.29"]
[EventType "swiss"]
[EventRounds "6"]
[EventCountry "NED"]
[Source "DSC"]
[SourceDate "2013.02.04"]
[TimeControl "6000+10"]

1. Nf3 Nf6 2. g3 g6 3. Bg2 Bg7 4. O-O O-O 5. d4 d6 6. Nc3 Nbd7 7. e4 e5 8. Re1 c6 9. b3 Re8 10. Ba3 exd4 11. Nxd4 Qa5 12. Bb2 Nc5 13. Qd2 Qb6 14. a4 Bd7 15. h3 Rad8 16. Kh2 Bc8 17. Rad1 Nh5 18. Ba1 Qc7 19. f4 a6 20. Qf2 Qb6 21. Qf3 f5 22. Nxf5 gxf5 23. Qxh5 Rf8 24. exf5 Bxf5 25. Re7 Ne6 26. Ne4 Bxa1 27. Rxa1 Qd4 28. Re1 d5 29. c3 Qh8 30. Nf2 Bg6 31. Qh4 Ng7 32. Ng4 Nf5 33. Nh6+ Nxh6 34. Qxh6 Qxc3 35. R1e5 Rf7 36. Rxf7 Kxf7 37. Qg5 Re8 38. h4 Qc2 39. Rxe8 Kxe8 40. Qe5+ Kd7 41. Qg7+ Kc8 42. Qh8+ Kc7 43. Qe5+ Kb6 44. Qd4+ Ka5 45. b4+ Kxa4 46. Kg1 Qd3 47. Qb6 Qb1+ 48. Kh2 Qxb4 49. Qf2 Qb1 50. g4 Qc2 51. Qd4+ Qc4 52. Qa1+ Kb4 53. f5 Qf4+ 54. Kh3 Be8 55. Qe1+ Kb3 56. Qxe8 d4 57. Qe6+ Kc3 58. f6 d3 59. Qf5 Qe3+ 60. Qf3 Qc5 61. f7 Qf8 62. Qf6+ Kc2 63. Bf3 c5 64. Qe6 d2 65. Qe8 Qd6 66. f8=Q Qd3 67. Qf5 1-0

[Event "OGD Prinsenstad-toernooi - A groep"]
[Site "Delft"]
[Date "2013.03.31"]
[Round "4.7"]
[White "Ootes, Lars"]
[Black "Padurariu, Smaranda"]
[Result "1-0"]
[ECO "B81"]
[WhiteElo "2350"]
[BlackElo "2201"]
[PlyCount "77"]
[EventDate "2013.03.29"]
[EventType "swiss"]
[EventRounds "6"]
[EventCountry "NED"]
[Source "DSC"]
[SourceDate "2013.02.04"]
[TimeControl "6000+10"]

1. e4 c5 2. Nf3 e6 3. d4 cxd4 4. Nxd4 Nf6 5. Nc3 d6 6. g4 h6 7. h4 Nc6 8. Rg1 d5 9. Bb5 Bd7 10. exd5 Nxd5 11. Nxd5 exd5 12. Be3 Be7 13. Qd2 Qa5 14. Qxa5 Nxa5 15. O-O-O O-O-O 16. Bxd7+ Rxd7 17. Nf5 Nc6 18. Nxe7+ Rxe7 19. Rxd5 a6 20. Rgd1 Re4 21. Rd7 Ne5 22. R7d5 Nc6 23. g5 hxg5 24. hxg5 g6 25. b3 Rd8 26. c4 Ree8 27. Kb2 Rxd5 28. Rxd5 Rd8 29. Rxd8+ Kxd8 30. Kc3 Kd7 31. b4 Kd6 32. a4 Kc7 33. b5 Ne7 34. Kd4 Kd7 35. Kc5 Nc8 36. a5 Kc7 37. Bf4+ Kd7 38. Bg3 Ne7 39. Kb6 1-0

[Event "OGD Prinsenstad-toernooi - A groep"]
[Site "Delft"]
[Date "2013.03.31"]
[Round "4.8"]
[White "Vereggen, Lars"]
[Black "Hoeksema, Erik"]
[Result "1/2-1/2"]
[ECO "E12"]
[WhiteElo "2138"]
[BlackElo "2347"]
[PlyCount "69"]
[EventDate "2013.03.29"]
[EventType "swiss"]
[EventRounds "6"]
[EventCountry "NED"]
[Source "DSC"]
[SourceDate "2013.02.04"]
[TimeControl "6000+10"]

1. d4 Nf6 2. c4 e6 3. Nf3 b6 4. a3 Ba6 5. Qc2 c5 6. dxc5 bxc5 7. Bf4 Be7 8. e3
O-O 9. Bd3 Bb7 10. Nbd2 a5 11. O-O d6 12. Rad1 Nbd7 13. h3 Qb6 14. e4 e5 15.
Bg5 h6 16. Bxf6 Nxf6 17. Nb1 a4 18. Nc3 Bc6 19. Nd2 Ne8 20. Nd5 Bxd5 21. cxd5
Nc7 22. Nc4 Qb8 23. g3 Nb5 24. f4 Nd4 25. Qg2 Ra7 26. fxe5 dxe5 27. h4 Rb7 28.
Rf2 Qc7 29. d6 Bxd6 30. Ne3 c4 31. Bxc4 Bc5 32. Bd5 Rb6 33. Nc4 Rb3 34. Kh1 Ne6
35. Rf3 1/2-1/2

[Event "OGD Prinsenstad-toernooi - A groep"]
[Site "Delft"]
[Date "2013.03.31"]
[Round "4.9"]
[White "Freeke, Matthieu"]
[Black "Oranje, Richard"]
[Result "1-0"]
[ECO "A80"]
[WhiteElo "2320"]
[BlackElo "2058"]
[PlyCount "73"]
[EventDate "2013.03.29"]
[EventType "swiss"]
[EventRounds "6"]
[EventCountry "NED"]
[Source "DSC"]
[SourceDate "2013.02.04"]
[TimeControl "6000+10"]

1. d4 f5 2. Nc3 d5 3. Bf4 c6 4. e3 Nf6 5. Bd3 e6 6. Nf3 Be7 7. h3 b5 8. O-O Nbd7 9. Ne2 a6 10. b3 O-O 11. c4 Ne4 12. Qc2 Bb7 13. c5 a5 14. Ne5 Nxe5 15. Bxe5 b4 16. a3 Qc8 17. f3 Ng5 18. axb4 axb4 19. Qd2 Nf7 20. Bg3 e5 21. Rxa8 Bxa8 22. Qxb4 e4 23. Bc2 Bb7 24. fxe4 fxe4 25. Nf4 Ba6 26. Rf2 Nh6 27. Bd1 Bb5 28. Nxd5 cxd5 29. Qxb5 Bg5 30. Rxf8+ Qxf8 31. c6 Bxe3+ 32. Kh2 Nf5 33. Qxd5+ Kh8 34. Qc5 Ne7 35. c7 h6 36. Qxe7 Qf1 37. c8=Q+ 1-0

[Event "OGD Prinsenstad-toernooi - A groep"]
[Site "Delft"]
[Date "2013.03.31"]
[Round "5.1"]
[White "L'Ami, Erwin"]
[Black "Smeets, Jan"]
[Result "1-0"]
[ECO "D10"]
[WhiteElo "2615"]
[BlackElo "2627"]
[PlyCount "67"]
[EventDate "2013.03.29"]
[EventType "swiss"]
[EventRounds "6"]
[EventCountry "NED"]
[Source "DSC"]
[SourceDate "2013.02.04"]
[TimeControl "6000+10"]

1. d4 d5 2. c4 c6 3. e3 Nf6 4. Nc3 a6 5. Nf3 Bf5 6. Bd3 Bxd3 7. Qxd3 e6 8. O-O Nbd7 9. e4 dxe4 10. Nxe4 Be7 11. Bf4 Nxe4 12. Qxe4 O-O 13. Rfd1 a5 14. Rd3 Qb6 15. Qe2 a4 16. Rad1 Rfe8 17. Qc2 Qa6 18. Ne5 Rad8 19. h4 h5 20. Qe2 Nxe5 21. Bxe5 Bd6 22. b3 axb3 23. axb3 Qa5 24. Qxh5 f6 25. c5 Bf8 26. Bxf6 gxf6 27. Rg3+ Bg7 28. Qg6 Re7 29. h5 Rxd4 30. Rxd4 Qa1+ 31. Kh2 Qxd4 32. h6 Qxf2 33. hxg7 Qf4 34. Qh7+ 1-0

[Event "OGD Prinsenstad-toernooi - A groep"]
[Site "Delft"]
[Date "2013.03.31"]
[Round "5.3"]
[White "De Wit, Michel"]
[Black "Andersson, Ulf"]
[Result "1/2-1/2"]
[ECO "C07"]
[WhiteElo "2260"]
[BlackElo "2562"]
[PlyCount "42"]
[EventDate "2013.03.29"]
[EventType "swiss"]
[EventRounds "6"]
[EventCountry "NED"]
[Source "DSC"]
[SourceDate "2013.02.04"]
[TimeControl "6000+10"]

1. e4 e6 2. d4 d5 3. Nd2 c5 4. exd5 Qxd5 5. Ngf3 cxd4 6. Bc4 Qd6 7. O-O Nf6 8. Nb3 Nc6 9. Nbxd4 Nxd4 10. Nxd4 Bd7 11. c3 Qc7 12. Qe2 Bc5 13. Be3 O-O 14. Rfd1 Rac8 15. Bb3 Bd6 16. h3 Bh2+ 17. Kh1 Bf4 18. Qf3 Bxe3 19. Qxe3 Qc5 20. Re1 Rfe8 21. Qe5 Qxe5 1/2-1/2

[Event "OGD Prinsenstad-toernooi - A groep"]
[Site "Delft"]
[Date "2013.03.31"]
[Round "5.4"]
[White "Van den Doel, Erik"]
[Black "Ootes, Lars"]
[Result "1/2-1/2"]
[ECO "B07"]
[WhiteElo "2552"]
[BlackElo "2350"]
[PlyCount "167"]
[EventDate "2013.03.29"]
[EventType "swiss"]
[EventRounds "6"]
[EventCountry "NED"]
[Source "DSC"]
[SourceDate "2013.02.04"]
[TimeControl "6000+10"]

1. e4 d6 2. d4 Nf6 3. Nc3 g6 4. Be3 c6 5. h3 b5 6. Bd3 Bg7 7. Nf3 O-O 8. O-O
Bb7 9. e5 dxe5 10. dxe5 Nd5 11. Nxd5 Qxd5 12. Qe2 Nd7 13. Bf4 Nc5 14. Rfd1 Nxd3
15. Rxd3 Qc4 16. Bg5 Rfe8 17. Nd4 c5 18. Nb3 Rac8 19. Re1 Qe6 20. Rdd1 a6 21.
Qe3 Qf5 22. c3 c4 23. Nd4 Qxe5 24. Qxe5 Bxe5 25. Rxe5 f6 26. Re6 fxg5 27. Rb6
Rc7 28. Ne6 Rc6 29. Rxc6 Bxc6 30. Nxg5 a5 31. Rd4 h6 32. Ne6 Rc8 33. Kf1 Kf7
34. Rd8 Bb7 35. Rxc8 Bxc8 36. Nd8+ Kf6 37. Ke2 Bd7 38. Ke3 e5 39. f3 Ke7 40.
Nb7 Bc6 41. Nc5 Kd6 42. Ne4+ Ke6 43. Nf2 Kf5 44. h4 Bd5 45. Ng4 h5 46. Nf2 Bb7
47. g4+ Ke6 48. Ne4 Bc6 49. a3 Be8 50. Nc5+ Kd5 51. Ne4 Ke6 52. Ng5+ Kf6 53.
Ne4+ Ke6 54. Nd2 Kd5 55. Ne4 Ke6 56. Ng3 Kd5 57. gxh5 gxh5 58. f4 Ke6 59. f5+
Ke7 60. a4 bxa4 61. Ke4 Kf6 62. Kd5 Bf7+ 63. Kc5 Bg8 64. Kb5 e4 65. Nxe4+ Kxf5
66. Nd6+ Kg4 67. Nxc4 Kxh4 68. Ne3 Kg3 69. c4 Kf2 70. Nf5 Bh7 71. Nd6 h4 72. c5
h3 73. c6 h2 74. c7 h1=Q 75. c8=Q Qd5+ 76. Qc5+ Qxc5+ 77. Kxc5 Ke2 78. Kb5 Kd2
79. Kxa4 Kc2 80. Ka3 Bg8 81. Nb5 Kd3 82. Nd6 Bd5 83. Ka4 Kc2 84. Kxa5 1/2-1/2

[Event "OGD Prinsenstad-toernooi - A groep"]
[Site "Delft"]
[Date "2013.03.31"]
[Round "5.5"]
[White "Haslinger, Stewart"]
[Black "Von Meijenfeldt, Bart"]
[Result "1-0"]
[ECO "B90"]
[WhiteElo "2547"]
[BlackElo "2195"]
[PlyCount "77"]
[EventDate "2013.03.29"]
[EventType "swiss"]
[EventRounds "6"]
[EventCountry "NED"]
[Source "DSC"]
[SourceDate "2013.02.04"]
[TimeControl "6000+10"]

1. e4 c5 2. Nf3 d6 3. d4 cxd4 4. Nxd4 Nf6 5. Nc3 a6 6. Be3 e5 7. Nb3 Be6 8. h3 Nbd7 9. g4 Rc8 10. Qd2 b5 11. O-O-O Nb6 12. g5 Nfd7 13. Kb1 Qc7 14. h4 Nc4 15. Bxc4 bxc4 16. Nc1 Rb8 17. h5 f5 18. gxf6 Nxf6 19. h6 g6 20. Bg5 Qb7 21. b3 Nxe4 22. Nxe4 Qxe4 23. Rhe1 Qf5 24. Qe3 cxb3 25. axb3 a5 26. f4 a4 27. Qa7 Rxb3+ 28. Nxb3 axb3 29. Rd2 Qh3 30. Rxe5 bxc2+ 31. Kxc2 Qb3+ 32. Kc1 Qc3+ 33. Rc2 Qxc2+ 34. Kxc2 dxe5 35. fxe5 Rg8 36. Qb8+ Kd7 37. Qb7+ Ke8 38. Qc7 Bd7 39. Qd8+ 1-0

[Event "OGD Prinsenstad-toernooi - A groep"]
[Site "Delft"]
[Date "2013.03.31"]
[Round "5.6"]
[White "Peng, Zhaoqin"]
[Black "Slingerland, Fred"]
[Result "0-1"]
[ECO "D20"]
[WhiteElo "2385"]
[BlackElo "2336"]
[PlyCount "98"]
[EventDate "2013.03.29"]
[EventType "swiss"]
[EventRounds "6"]
[EventCountry "NED"]
[Source "DSC"]
[SourceDate "2013.02.04"]
[TimeControl "6000+10"]

1. d4 d5 2. c4 dxc4 3. e4 e5 4. Nf3 exd4 5. Qxd4 Qxd4 6. Nxd4 Nf6 7. f3 Bc5 8. Nb5 Na6 9. Bxc4 c6 10. N5a3 b5 11. Be2 Nb4 12. Nc3 Be6 13. Bd2 Rd8 14. Rc1 Bf2+ 15. Kxf2 Rxd2 16. Rhd1 Rxb2 17. Naxb5 cxb5 18. Nxb5 O-O 19. a3 Na2 20. Rc7 Bb3 21. Rd4 a5 22. Ke3 h6 23. h4 Rb8 24. Rc5 Be6 25. Rd2 Rxd2 26. Kxd2 Nd7 27. Rc7 a4 28. Nd4 Rb2+ 29. Rc2 Rxc2+ 30. Kxc2 Bb3+ 31. Nxb3 axb3+ 32. Kb2 Nc5 33. Bc4 Kf8 34. h5 f6 35. g4 Ke7 36. Bxb3 Nc1 37. Bc4 N1d3+ 38. Kc3 Ne5 39. Be2 Kd6 40. f4 Nc6 41. Bf3 Ne6 42. e5+ fxe5 43. Bxc6 Kxc6 44. fxe5 Kd5 45. a4 Kxe5 46. Kc4 Kd6 47. a5 Nc5 48. Kb5 Nd7 49. a6 Kc7 0-1

[Event "OGD Prinsenstad-toernooi - A groep"]
[Site "Delft"]
[Date "2013.03.31"]
[Round "5.7"]
[White "Vistisen, Lars"]
[Black "Kohlweyer, Bernd"]
[Result "0-1"]
[ECO "B50"]
[WhiteElo "2172"]
[BlackElo "2460"]
[PlyCount "86"]
[EventDate "2013.03.29"]
[EventType "swiss"]
[EventRounds "6"]
[EventCountry "NED"]
[Source "DSC"]
[SourceDate "2013.02.04"]
[TimeControl "6000+10"]

1. e4 c5 2. Nf3 d6 3. c3 Nf6 4. h3 g6 5. Bd3 Bg7 6. O-O O-O 7. Bc2 e5 8. d4 exd4 9. cxd4 Nc6 10. Nc3 cxd4 11. Nxd4 Nxe4 12. Nxc6 Nxc3 13. Nxd8 Nxd1 14. Rxd1 Rxd8 15. Bg5 Re8 16. Ba4 Re2 17. Rxd6 Be6 18. Rad1 h6 19. Bd2 Bxb2 20. Bxh6 Be5 21. R6d2 Rxd2 22. Rxd2 Rc8 23. Re2 Bf6 24. Be3 a6 25. Bb6 Rc3 26. Bc2 Rc6 27. Ba7 b5 28. Be4 Rc1+ 29. Kh2 Bc4 30. Rd2 Ra1 31. Bb7 Bxa2 32. f4 Be6 33. Rd6 a5 34. Be4 b4 35. Bxg6 b3 36. Be4 Ra4 37. Bd3 Rxf4 38. g3 Rf3 39. Be4 Rf1 40. Rb6 Re1 41. Bd3 Bd5 42. Rb8+ Kg7 43. Bg1 Rd1 0-1